 Dungeon Crawl Stone Soup version 0.13.1-17-g0f9d4ff (webtiles) character file.

2961 Lilouch the Protected (level 9, 0/67 HPs)
             Began as a Mummy Fighter on Dec 16, 2013.
             Slain by an orc warrior (8 damage)
             ... in a bailey.
             The game lasted 00:41:04 (9016 turns).

Lilouch the Protected (Mummy Fighter)               Turns: 9016, Time: 00:41:04

HP   0/67        AC 14     Str 22      XL: 9   Next: 43%
MP   8/8         EV  6     Int  7      God:
Gold 168         SH 21     Dex 11      Spells:  0 memorised,  8 levels left

Res.Fire  : x . .   See Invis. : .   a - +0 trident
Res.Cold  : + . .   Warding    : .   r - +3 orc chain mail (curse)
Life Prot.: + + +   Conserve   : .   A - +0 shield
Res.Poison: +       Res.Corr.  : .   (no helmet)
Res.Elec. : .       Clarity    : .   t - -1 cloak
Sust.Abil.: . .     Spirit.Shd : .   (no gloves)
Res.Mut.  : .       Stasis     : .   (no boots)
Res.Rott. : +       Flight     : .   (no amulet)
Saprovore : . . .                    (no ring)
                                     (no ring)

@: somewhat resistant to hostile enchantments, extremely unstealthy
A: no food or potions, fire vulnerability, restore body, cold resistance 1, life
protection 3, poison resistance, torment resistance, unbreathing
a: no special abilities


You were in a bailey.
You were not hungry.

You visited 1 branch of the dungeon, and saw 8 of its levels.
You also visited: Sewer and Bailey.

You collected 248 gold pieces.
You spent 100 gold pieces at shops.

Inventory:

Hand weapons
 a - a +0,+0 trident (weapon)
 p - a +0,-3 spear
 s - a +2,+3 quarterstaff of chaos
 x - a +2,+2 whip of flaming
 C - a -1,+0 orcish spear
 D - a -1,+0 orcish spear
 E - a -1,+0 orcish spear
 H - a +0 blowgun
 I - a +4,+0 elven spear of flaming
 J - a +1,+2 spear
 K - a +0,+0 spear
 L - a +0,+3 orcish crossbow
Missiles
 g - 32 poisoned needles
 m - 4 steel darts
 B - 5 poisoned darts (quivered)
 F - 9 darts of frost
Armour
 r - a cursed +3 orcish chain mail (worn)
 t - a -1 cloak (worn)
 A - a +0 shield (worn)
Magical devices
 b - a wand of random effects (8) {unknown}
 i - a wand of lightning (4)
 j - a wand of frost (3)
 o - a wand of magic darts (2)
 u - a wand of paralysis (8)
 w - a wand of enslavement (4) {unknown}
Scrolls
 c - a scroll of random uselessness {unknown}
 d - 4 scrolls of identify
 e - a scroll of enchant armour {unknown}
 f - 3 scrolls of remove curse
 h - a scroll of noise
 k - 2 scrolls of magic mapping
 l - a scroll of recharging
 n - a scroll of blinking
 q - 6 scrolls of teleportation
 v - 2 scrolls of enchant weapon II {unknown}
 y - a scroll of amnesia {unknown}
 z - a scroll of curse weapon {unknown}
Jewellery
 G - a cursed ring of hunger {unknown}


   Skills:
 - Level 5.1 Fighting
 + Level 4.3 Polearms
 * Level 8.1 Armour
 + Level 6.0 Shields


You had 8 spell levels left.
You didn't know any spells.

Dungeon Overview and Level Annotations

Branches:
Dungeon (8/27)               Lair (0/8) D:8
 Temple: D:4-7          Orc: D:6-11

Altars:
Ashenzari
Elyvilon
Okawaru
Zin

Shops:
D:4 /*   D:5 !

Annotations:
D:4 Prince Ribbit
D:6 Grinder


Innate Abilities, Weirdness & Mutations

You do not eat or drink.
Your flesh is vulnerable to fire.
Your flesh is cold resistant.
You are immune to negative energy.
Your system is resistant to poisons.
You are immune to unholy pain and torment.
You can survive without breathing.


Message History

The orc warrior shoots a bolt.
The bolt hits you!
You see here 2 bolts.
The orc warrior shoots a bolt.
The bolt hits you!
* * * LOW HITPOINT WARNING * * *
You see here a bolt.
You hit the orc warrior but do no damage.
The orc warrior is moderately wounded.
The orc warrior unwields an uncursed orcish crossbow.
The orc warrior hits you but does no damage.
You barely miss the orc warrior.
The orc warrior is moderately wounded.
You block the orc warrior's attack. The orc warrior hits you.
* * * LOW HITPOINT WARNING * * *
You hit the orc warrior.
The orc warrior is moderately wounded.
You block the orc warrior's attack.
You puncture the orc warrior!
The orc warrior is severely wounded.
The orc warrior hits you!
You die...

# ≈≈......#
≈##.##≈..(...#
≈≈≈.....≈......#
≈≈≈ #.##≈(.....#
≈≈≈≈#o#≈≈(.....#
≈≈≈≈≈≈≈≈≈(......#
.........(..((..#
........(o..(...#
.........@(((..#
.........((((..#
.............((#
.............∩#
###############


You could see 2 orc warriors.

Vanquished Creatures
  Pikel (D:6)
  2 phantoms (D:8)
  A centaur (D:5)
  3 ogres
  Blork the orc (D:6)
  10 big kobolds (D:8)
  4 crimson imps
  2 jellies
  An orc priest (D:5)
  3 big fish (Sewer)
  A hound (D:8)
  An iguana (D:5)
  Crazy Yiuf (D:3)
  6 orc wizards
  2 scorpions
  3 worker ants
  Ijyb (D:3)
  Terence (D:3)
  A mummy (D:4)
  3 green rats (D:3)
  A worker ant zombie (D:5)
  10 adders
  3 gnolls (D:5)
  An inept feature mimic (D:8)
  2 worms
  A grey rat (D:3)
  4 giant geckos
  25 orcs
  3 ball pythons
  7 bats
  A bat skeleton (D:4)
  5 giant cockroaches
  7 goblins
  7 hobgoblins
  13 jackals
  A quokka (D:2)
  9 giant newts
  2 hobgoblin zombies (D:8)
  28 kobolds
  A kobold skeleton (D:7)
  10 rats
  A fungus (D:3)
  5 plants (Sewer)
195 creatures vanquished.

Vanquished Creatures (others)
  4 plants
4 creatures vanquished.

Grand Total: 199 creatures vanquished

Notes
Turn   | Place    | Note
--------------------------------------------------------------
     0 | D:1      | Lilouch, the Mummy Fighter, began the quest for the Orb.
     0 | D:1      | Reached XP level 1. HP: 18/18 MP: 0/0
   293 | D:2      | Reached XP level 2. HP: 24/24 MP: 1/1
   855 | D:2      | Reached XP level 3. HP: 30/30 MP: 2/2
  1035 | D:2      | Found a white marble altar of Elyvilon.
  1040 | D:2      | Found a glowing silver altar of Zin.
  1050 | D:2      | Found an iron altar of Okawaru.
  1363 | D:3      | Reached XP level 4. HP: 22/36 MP: 3/3
  1656 | D:3      | Found a glowing drain.
  1805 | Sewer    | Entered a sewer
  1927 | Sewer    | Reached XP level 5. HP: 34/41 MP: 4/4
  2340 | Sewer    | Reached skill level 4 in Armour
  3161 | D:3      | Noticed Terence
  3175 | D:3      | Killed Terence
  3387 | D:3      | Reached XP level 6. HP: 24/48 MP: 5/5
  3556 | D:3      | Noticed Ijyb
  3572 | D:3      | Killed Ijyb
  4413 | D:3      | Noticed Crazy Yiuf
  4425 | D:3      | Killed Crazy Yiuf
  4661 | D:4      | Found Ujucvuet's Magical Wand Shop.
  4661 | D:4      | Found Giafran's Assorted Antiques.
  4688 | D:5      | Entered Level 5 of the Dungeon
  4758 | D:4      | Bought a scroll labeled FIXOSK ITRENKY for 25 gold pieces
  4758 | D:4      | Bought a scroll labeled GUHUOB TOTUMM for 25 gold pieces
  4758 | D:4      | Bought a scroll labeled GUHUOB TOTUMM for 25 gold pieces
  4758 | D:4      | Bought a scroll labeled GUHUOB TOTUMM for 25 gold pieces
  4763 | D:4      | Paralysed by you for 5 turns
  4847 | D:4      | Noticed Prince Ribbit
  4881 | D:5      | Found Magguad's Distillery.
  5001 | D:5      | Reached XP level 7. HP: 40/53 MP: 6/6
  5007 | D:5      | Reached skill level 5 in Armour
  7036 | D:6      | Noticed Blork the orc
  7055 | D:6      | Killed Blork the orc
  7055 | D:6      | Reached XP level 8. HP: 55/61 MP: 7/7
  7189 | D:6      | Noticed Pikel
  7216 | D:6      | Killed Pikel
  7216 | D:6      | Reached skill level 5 in Fighting
  7216 | D:6      | Reached skill level 6 in Armour
  7216 | D:6      | Reached skill level 5 in Shields
  7319 | D:6      | Noticed Grinder
  7473 | D:7      | Found a shattered altar of Ashenzari.
  7831 | D:7      | Reached skill level 7 in Armour
  8271 | D:8      | Reached XP level 9. HP: 67/67 MP: 8/8
  8751 | D:8      | Reached skill level 8 in Armour
  8828 | D:8      | Found a staircase to the Lair.
  8830 | D:8      | Noticed a komodo dragon
  8869 | D:8      | Found a flagged portal.
  8882 | Bailey   | Entered a bailey
  9016 | Bailey   | Slain by an orc warrior

Action                   |  1- 3 |  4- 6 |  7- 9 || total
-------------------------+-------+-------+-------++-------
Melee: Trident           |   125 |   659 |   878 ||  1662
       Spear             |       |     6 |    19 ||    25
 Fire: Crossbow          |       |       |     4 ||     4
Throw: Dart              |       |     4 |    10 ||    14
Evoke: Wand              |       |     4 |       ||     4
  Use: Scroll            |       |     5 |       ||     5
 Stab: Distracted        |       |     1 |       ||     1
       Invisible         |       |     2 |       ||     2
